 Dungeon Crawl Stone Soup version 0.29-a0-617-g7a6b98fccd (webtiles) character file.

Game seed: 6093105503019705382

1460 spaghetti the Grave Robber (level 8, 0/52 (58) HPs)
             Began as a Gnoll Necromancer on June 17, 2022.
             Was an Initiate of Gozag.
             Slain by a wight
             ... wielding a +2 falchion of freezing
              (2 damage)
             ... on level 6 of the Dungeon.
             The game lasted 00:10:14 (7641 turns).

spaghetti the Grave Robber (Gnoll Necromancer)      Turns: 7641, Time: 00:10:15

HP:   0/52 (58)     AC:  5    Str:  9    XL:     8   Next: 76%
MP:   17/17         EV: 13    Int: 18    God:    Gozag
Gold: 102           SH:  0    Dex: 14    Spells: 10/19 levels left

rFire   . . .      SeeInvis .   m - +8 Vampire's Tooth {vamp}
rCold   . . .      Faith    .   (no shield)
rNeg    + . .      Spirit   .   s - +1 leather armour of Cojod {Int+2 Dex+2}
rPois   .          Reflect  .   (no helmet)
rElec   .          Harm     .   z - +0 cloak
rCorr   .          Rampage  .   (no gloves)
Will    .....                   (no boots)
Stlth   +++.......              u - amulet of magic regeneration {@e2}
HPRegen 0.17/turn               n - ring of positive energy
MPRegen 0.55/turn               (no ring)

@: gold aura, heavily drained
A: fangs 1, strong nose, distributed training
a: Renounce Religion, Potion Petition, Call Merchant, Bribe Branch


You were on level 6 of the Dungeon.
You worshipped Gozag.
Gozag was aware of your devotion.
You visited 1 branch of the dungeon, and saw 6 of its levels.

You collected 942 gold pieces.
You spent 840 gold pieces at shops.


Innate Abilities, Weirdness & Mutations

You have very sharp teeth.
Your uncanny sense of smell can sniff out nearby items.
Your experience applies equally to all skills.


   Skills:
 + Level 3.5 Fighting
 + Level 3.5 Short Blades
 + Level 3.5 Long Blades
 + Level 3.5 Axes
 + Level 3.5 Maces & Flails
 + Level 3.5 Polearms
 + Level 3.5 Staves
 + Level 3.5 Slings
 + Level 3.5 Bows
 + Level 3.5 Crossbows
 + Level 3.5 Throwing
 + Level 3.5 Armour
 + Level 5.8 Dodging
 + Level 5.5 Stealth
 + Level 3.5 Shields
 + Level 3.5 Unarmed Combat
 + Level 6.2 Spellcasting
 + Level 2.9 Conjurations
 + Level 2.9 Hexes
 + Level 2.9 Summonings
 + Level 7.7 Necromancy
 + Level 2.9 Translocations
 + Level 2.9 Transmutations
 + Level 2.9 Fire Magic
 + Level 2.9 Ice Magic
 + Level 2.9 Air Magic
 + Level 2.9 Earth Magic
 + Level 2.9 Poison Magic
 + Level 3.9 Invocations
 + Level 3.5 Evocations


You had 10 spell levels left.
You knew the following spells:

 Your Spells              Type           Power      Damage    Failure   Level
a - Necrotize             Necr           100%       1d9       1%          1
b - Vampiric Draining     Necr           33%        2d8       1%          3
c - Summon Forest         Summ/Tloc      8%         N/A       80%         5

Your spell library contained the following spells:

 Spells                   Type           Power      Damage    Failure   Level
 Inner Flame              Hex/Fire       16%        N/A       14%         3
 Agony                    Necr           33%        N/A       19%         5
 Cause Fear               Hex            8%         N/A       43%         4
 Summon Mana Viper        Hex/Summ       16%        N/A       80%         5
 Summon Cactus Giant      Summ           8%         N/A       100%        6
 Discord                  Hex            8%         N/A       100%        8
 Animate Dead             Necr           Unusable   N/A       N/A         4

Inventory:

Hand Weapons
 d - a +0 short sword {short}
   (You took it off a kobold on level 1 of the Dungeon)
 e - a +0 dagger {short}
   (You found it on level 1 of the Dungeon)
 g - a +2 dagger of protection {short}
   (You took it off a goblin on level 1 of the Dungeon)
 k - a +0 short sword of venom {short}
   (You found it on level 1 of the Dungeon)
 m - the +8 Vampire's Tooth (weapon) {vamp}
   (You bought it in a shop on level 3 of the Dungeon)

   It occasionally heals its wielder for the full amount of damage dealt when it
   wounds a living foe.
Missiles
 c - 96 stones (quivered) {throwing}
 i - a boomerang {throwing}
Armour
 a - a +0 robe
 s - the +1 leather armour of Cojod (worn) {Int+2 Dex+2}
   (You found it on level 2 of the Dungeon)

   Int:       It affects your intelligence (+2).
   Dex:       It affects your dexterity (+2).
 z - a +0 cloak (worn)
   (You took it off Crazy Yiuf on level 5 of the Dungeon)
Jewellery
 n - a ring of positive energy (left hand)
   (You found it on level 6 of the Dungeon)
 u - an amulet of magic regeneration (around neck) {@e2}
   (You found it on level 4 of the Dungeon)
Wands
 p - a wand of iceblast (9)
   (You found it on level 6 of the Dungeon)
 w - a wand of charming (2)
   (You found it on level 4 of the Dungeon)
 y - a wand of flame (17)
   (You took it off Crazy Yiuf on level 5 of the Dungeon)
Scrolls
 f - 2 scrolls of enchant armour
 h - 2 scrolls of vulnerability {!r!r}
 j - 2 scrolls of noise {!r}
 l - 3 scrolls of magic mapping {!r}
 o - 4 scrolls of teleportation {@r4}
 t - 2 scrolls of immolation {!r!r}
 A - a scroll of enchant weapon {unknown}
Potions
 b - a potion of magic
 q - 4 potions of degeneration {unknown}
 r - a potion of mutation {unknown}
 v - 3 potions of heal wounds {unknown}
 x - a potion of brilliance {unknown}

Dungeon Overview and Level Annotations

Branches:
Dungeon (6/15) Zot: 26852  Temple (0/1) D:4

Altars:
Gozag
Kikubaaqudgha

Shops:
D:3 (   D:4 (

Annotations:
D:3 3 runed translucent doors, IdlyInterested's ghost, weakling DsGl

#. #. #. ∆ #.#. ##. .#
#.#.#+ ..
#####.:+#.#.#.#.#.... ..
+...(..#.#.#.#.#.......#
#....+#.#.#.#.#.#+#.#.
#..zz#.#.#.#.#.#.#.#.#
#@#.#.#.#.#.#.#.#.
##(#.#.#.#.#.#.#.# $
#.#(#.#)#.#.#.#.#.
##.#$#.#.#.#.#.#.#
+#.#.#.#.#.#.#.#.
.......#.#+#.#.#.#.#
......#+#.....#.#.#.
..............#.#.#.#
###...........+#.#.#.


You could see 2 wights.


Message History

c - 93 stones {throwing} (gained 5)
c - 95 stones {throwing} (gained 2)
c - 97 stones {throwing} (gained 2)
c - 98 stones {throwing} (gained 1)
c - 99 stones {throwing} (gained 1)
You now have 88 gold pieces (gained 7).
Things that are here:
a +0 dagger {short}; a +0 robe You see here a +0 hand axe {axe}.
Found a stone staircase leading down.
Your extra speed is starting to run out.
n - a ring of positive energy Unknown command.
n - a ring of positive energy (left hand)
You feel yourself slow down.
You hear the slow rusting of a drain nearby.
p - a wand of iceblast (9)
A - a scroll labelled IKIESK UFIC You now have 102 gold pieces (gained 14). 2 wights come into view.
A wight is wielding a +2 falchion of freezing.
There are monsters nearby!
There are monsters nearby!
You throw a stone {throwing}.
The stone {throwing} barely misses the wight.
You throw a stone {throwing}.
The stone {throwing} hits the wight but does no damage.
You throw a stone {throwing}. The stone {throwing} hits the wight.
You hit the wight. You hit the wight but do no damage.
The wight hits you with a +0 flail! 😕 HP[-12]
You take 12 damage, and now have 46/58 hp.
MASSIVE DAMAGE!! (PAUSE) Unknown command.
You hit the wight. The wight barely misses you. 😕 HP[+1]
You hit the wight. You barely miss the wight.
You bite the wight, but do no damage.
The wight hits you with a +0 flail. 😕 HP[-2]
You take 2 damage, and now have 45/58 hp.
You hit the wight.
You destroy the wight!
Things that are here:
9 gold pieces; a +0 flail {mace}; a +0 robe The wight is distracted by your dazzling golden aura.
Things that are here:
a stone {throwing}; a +0 dagger {short} You see here a stone {throwing}.
A wight comes into view. It is wielding a +1 mace.
The wight moves out of view. 😕 HP[+1]
You closely miss the wight.
The wight is no longer distracted by gold.
The wight closely misses you.
You hit the wight but do no damage. You hit the wight but do no damage.
The wight hits you with a +2 falchion of freezing.
You partially resist.
You feel drained. The wight freezes you. 😮 HP[-5]
You now have 56 max hp (-2).
You take 5 damage, and now have 41/56 hp.
You hit the wight. You closely miss the wight.
The wight hits you with a +2 falchion of freezing!
You partially resist.
You feel drained. The wight freezes you. 😮 HP[-11]
You now have 55 max hp (-1).
You take 11 damage, and now have 30/55 hp.
Unknown command.
You hit the wight. You bite the wight, but do no damage. You hit the wight.
The wight closely misses you.
You hit the wight but do no damage. The wight barely misses you.
You hit the wight. You hit the wight but do no damage.
The wight hits you with a +2 falchion of freezing!
* * * LOW HITPOINT WARNING * * *
You partially resist.
You feel drained.
* * * LOW HITPOINT WARNING * * *
The wight freezes you.
* * * LOW HITPOINT WARNING * * *
😱 HP[-18]
You now have 53 max hp (-2).
You take 18 damage, and now have 12/53 hp.
MASSIVE DAMAGE!! (PAUSE)
Aiming: Charm
Press: ? - help, Shift-Dir - straight line, f - wight
Aim: a wight, wielding a +2 falchion of freezing and wearing a +0 robe (severely damaged, chance to affect: 58%)
The wight resists with significant effort.
The wight hits you with a +2 falchion of freezing!
* * * LOW HITPOINT WARNING * * *
You partially resist.
You feel drained.
You die...
Your body crumbles into a pile of gold.

Skill      XL: |  1  2  3  4  5  6  7  8 |
---------------+-------------------------+-----
Spellcasting   | 5 6 |  6.2
Invocations    | 1 2 3 |  3.9
Fighting       | 1 2 3 |  3.5
Short Blades   | 1 2 3 |  3.5
Long Blades    | 1 2 3 |  3.5
Axes           | 1 2 3 |  3.5
Maces & Flails | 1 2 3 |  3.5
Polearms       | 1 2 3 |  3.5
Staves         | 1 2 3 |  3.5
Slings         | 1 2 3 |  3.5
Bows           | 1 2 3 |  3.5
Crossbows      | 1 2 3 |  3.5
Throwing       | 1 2 3 |  3.5
Armour         | 1 2 3 |  3.5
Shields        | 1 2 3 |  3.5
Unarmed Combat | 1 2 3 |  3.5
Evocations     | 1 2 3 |  3.5
Conjurations   | 1 2 |  2.9
Hexes          | 1 2 |  2.9
Summonings     | 1 2 |  2.9
Translocations | 1 2 |  2.9
Transmutations | 1 2 |  2.9
Fire Magic     | 1 2 |  2.9
Ice Magic      | 1 2 |  2.9
Air Magic      | 1 2 |  2.9
Earth Magic    | 1 2 |  2.9
Poison Magic   | 1 2 |  2.9
Dodging        | 5 |  5.8
Stealth        | 5 |  5.5
Necromancy     | |  7.7

Action                   |  1- 3 |  4- 6 |  7- 9 || total
-------------------------+-------+-------+-------++-------
Melee: Short sword       |    43 |    73 |   110 ||   226
       Bite              |     4 |     4 |    15 ||    23
       Dagger            |     8 |       |       ||     8
       Quick blade       |       |       |    40 ||    40
       Punch             |       |       |     1 ||     1
Throw: Stone             |    72 |    99 |    42 ||   213
 Cast: Necrotize         |    36 |    18 |       ||    54
       Vampiric Draining |     1 |     9 |     9 ||    19
Evoke: Wand              |       |       |     2 ||     2
  Use: Scroll            |       |     3 |     5 ||     8
       Potion            |       |     3 |     6 ||     9
 Stab: Sleeping          |     1 |       |     1 ||     2
       Invisible         |       |       |     1 ||     1
Armor: Robe              |     7 |       |       ||     7
       Leather armour    |       |    13 |    17 ||    30
Dodge: Dodged            |    47 |    46 |    90 ||   183

Levels and vault maps discovered:
D:1:      ncdulo_lavacross, layout_basic, shapermc_ecumenical_altar_pompeii
D:2:      layout_rooms
D:3:      layout_rooms, ebering_ghost_rock_garden, serial_shops, shop_coins
D:4:      layout_gridville, minmay_temple_entry_antechambers, serial_shops,
          nicolae_shop_temple_entry_statues_fountains
D:5:      layout_cave_pools, mainiacjoe_overflow_24_doors, uniq_grinder,
          uniq_edmund, uniq_crazy_yiuf_cottage
D:6:      layout_basic, gup_sewer_entry_bubbles

Notes
Turn   | Place    | Note
-------+----------+-------------------------------------------
     0 | D:1      | spaghetti the Gnoll Necromancer began the quest for the
                  | Orb.
     0 | D:1      | Reached XP level 1. HP: 13/13 MP: 6/6
     0 | D:1      | magus.rc [v1.9.6]
    97 | D:1      | You pick up a book of the Wilderness and begin reading...
    97 | D:1      | You add the spells Summon Forest, Summon Mana Viper and
                  | Summon Cactus Giant to your library.
   321 | D:1      | Reached XP level 2. HP: 19/19 MP: 4/7
   780 | D:1      | Reached XP level 3. HP: 19/25 MP: 9/9
   784 | D:1      | Learned a level 3 spell: Vampiric Draining
   874 | D:1      | Reached skill level 5 in Spellcasting
  1224 | D:1      | Found a faded altar of an unknown god.
  1496 | D:1      | Prayed at the altar of an unknown god.
  1496 | D:1      | Became a worshipper of Gozag Ym Sagoz the Greedy
  1702 | D:2      | Reached skill level 1 in Invocations
  2084 | D:2      | Reached skill level 1 in Fighting
  2084 | D:2      | Reached skill level 1 in Short Blades
  2084 | D:2      | Reached skill level 1 in Long Blades
  2084 | D:2      | Reached skill level 1 in Axes
  2084 | D:2      | Reached skill level 1 in Maces & Flails
  2084 | D:2      | Reached skill level 1 in Polearms
  2084 | D:2      | Reached skill level 1 in Staves
  2084 | D:2      | Reached skill level 1 in Slings
  2084 | D:2      | Reached skill level 1 in Bows
  2084 | D:2      | Reached skill level 1 in Crossbows
  2084 | D:2      | Reached skill level 1 in Throwing
  2084 | D:2      | Reached skill level 1 in Armour
  2084 | D:2      | Reached skill level 1 in Shields
  2084 | D:2      | Reached skill level 1 in Unarmed Combat
  2084 | D:2      | Reached skill level 1 in Evocations
  2152 | D:2      | Identified the +1 leather armour of Cojod {Int+2 Dex+2}
  2255 | D:2      | Reached XP level 4. HP: 32/32 MP: 11/11
  2496 | D:3      | Found Haihyil's Weapon Emporium.
  2857 | D:3      | Reached skill level 1 in Conjurations
  2857 | D:3      | Reached skill level 1 in Hexes
  2857 | D:3      | Reached skill level 1 in Summonings
  2857 | D:3      | Reached skill level 1 in Translocations
  2857 | D:3      | Reached skill level 1 in Transmutations
  2857 | D:3      | Reached skill level 1 in Fire Magic
  2857 | D:3      | Reached skill level 1 in Ice Magic
  2857 | D:3      | Reached skill level 1 in Air Magic
  2857 | D:3      | Reached skill level 1 in Earth Magic
  2857 | D:3      | Reached skill level 1 in Poison Magic
  2862 | D:3      | Reached XP level 5. HP: 23/37 MP: 0/12
  3200 | D:3      | Found a runed translucent gate.
  3200 | D:3      | Found a runed translucent gate.
  3200 | D:3      | Found a runed translucent gate.
  3200 | D:3      | Noticed IdlyInterested's ghost (weakling DsGl)
  3502 | D:4      | You pick up a book of Hexes and begin reading...
  3502 | D:4      | You add the spells Inner Flame, Cause Fear and Discord to
                  | your library.
  3536 | D:4      | Found a staircase to the Ecumenical Temple.
  4123 | D:4      | Noticed a water moccasin
  4131 | D:4      | Killed a water moccasin
  4132 | D:4      | Reached skill level 2 in Fighting
  4132 | D:4      | Reached skill level 2 in Short Blades
  4132 | D:4      | Reached skill level 2 in Long Blades
  4132 | D:4      | Reached skill level 2 in Axes
  4132 | D:4      | Reached skill level 2 in Maces & Flails
  4132 | D:4      | Reached skill level 2 in Polearms
  4132 | D:4      | Reached skill level 2 in Staves
  4132 | D:4      | Reached skill level 2 in Slings
  4132 | D:4      | Reached skill level 2 in Bows
  4132 | D:4      | Reached skill level 2 in Crossbows
  4132 | D:4      | Reached skill level 2 in Throwing
  4132 | D:4      | Reached skill level 2 in Armour
  4132 | D:4      | Reached skill level 5 in Dodging
  4132 | D:4      | Reached skill level 2 in Shields
  4132 | D:4      | Reached skill level 2 in Unarmed Combat
  4132 | D:4      | Reached skill level 2 in Invocations
  4132 | D:4      | Reached skill level 2 in Evocations
  4132 | D:4      | Reached XP level 6. HP: 37/44 MP: 4/14
  4413 | D:4      | Reached XP level 7. HP: 50/50 MP: 15/15
  4564 | D:4      | Learned a level 5 spell: Summon Forest
  4671 | D:4      | Found Tuarphua's Antique Weapon Boutique.
  4845 | D:5      | Entered Level 5 of the Dungeon
  4845 | D:5      | Noticed Grinder
  4850 | D:5      | Paralysed by Grinder for 2 turns
  4855 | D:5      | HP: 16/75 [Grinder (9)]
  4856 | D:5      | HP: 5/75 [Grinder (5)]
  5179 | D:5      | HP: 12/50 [poisoned by a water moccasin]
  5448 | D:5      | Reached skill level 2 in Conjurations
  5448 | D:5      | Reached skill level 2 in Hexes
  5448 | D:5      | Reached skill level 2 in Summonings
  5448 | D:5      | Reached skill level 2 in Translocations
  5448 | D:5      | Reached skill level 2 in Transmutations
  5448 | D:5      | Reached skill level 2 in Fire Magic
  5448 | D:5      | Reached skill level 2 in Ice Magic
  5448 | D:5      | Reached skill level 2 in Air Magic
  5448 | D:5      | Reached skill level 2 in Earth Magic
  5448 | D:5      | Reached skill level 2 in Poison Magic
  5689 | D:5      | Found an ancient bone altar of Kikubaaqudgha.
  5721 | D:5      | Paralysed by Grinder for 3 turns
  5736 | D:5      | Killed Grinder
  5737 | D:5      | Reached skill level 5 in Stealth
  5737 | D:5      | Reached skill level 3 in Invocations
  5986 | D:5      | Reached XP level 8. HP: 51/57 MP: 16/16
  6027 | D:5      | HP: 8/57 [centaur/arrow (7)]
  6060 | D:5      | HP: 14/57 [centaur (1)]
  6062 | D:5      | HP: 5/57 [centaur (2)]
  6063 | D:5      | HP: 2/57 [centaur (3)]
  6066 | D:5      | Reached skill level 3 in Fighting
  6066 | D:5      | Reached skill level 3 in Short Blades
  6066 | D:5      | Reached skill level 3 in Long Blades
  6066 | D:5      | Reached skill level 3 in Axes
  6066 | D:5      | Reached skill level 3 in Maces & Flails
  6066 | D:5      | Reached skill level 3 in Polearms
  6066 | D:5      | Reached skill level 3 in Staves
  6066 | D:5      | Reached skill level 3 in Slings
  6066 | D:5      | Reached skill level 3 in Bows
  6066 | D:5      | Reached skill level 3 in Crossbows
  6066 | D:5      | Reached skill level 3 in Throwing
  6066 | D:5      | Reached skill level 3 in Armour
  6066 | D:5      | Reached skill level 3 in Shields
  6066 | D:5      | Reached skill level 3 in Unarmed Combat
  6066 | D:5      | Reached skill level 3 in Evocations
  6554 | D:5      | Noticed Edmund
  6562 | D:5      | Reached skill level 6 in Spellcasting
  6571 | D:5      | Killed Edmund
  6809 | D:3      | Bought the +8 Vampire's Tooth {vamp} for 840 gold pieces
  6809 | D:3      | Found the +8 Vampire's Tooth {vamp}
  7247 | D:5      | Found a runed translucent door.
  7248 | D:5      | Noticed Crazy Yiuf
  7324 | D:5      | Killed Crazy Yiuf
  7640 | D:6      | HP: 12/53 [wight/+2 falchion of freezing (4)]
  7641 | D:6      | HP: 2/53 [wight/+2 falchion of freezing (10)]
  7641 | D:6      | Slain by a wight

Vanquished Creatures
  Grinder (D:5)
  Edmund (D:5)
  2 water moccasins
  2 centaurs (D:5)
  3 ogres
  A scorpion (D:5)
  A wight (D:6)
  2 howler monkeys (D:4)
  A jelly (D:5)
  Crazy Yiuf (D:5)
  2 iguanas (D:5)
  3 orc wizards
  4 adders
  A shadow imp (D:5)
  2 worms
  2 dart slugs
  10 orcs
  7 ball pythons
  11 endoplasms
  2 giant cockroaches (D:1)
  7 goblins
  11 hobgoblins
  3 jackals (D:2)
  6 quokkas
  6 bats
  4 frilled lizards
  6 kobolds
  6 rats
108 creatures vanquished.

Table legend:
 A = Non-vault XP
 B = Vault XP
 C = Vault XP percentage of total XP
 D = Non-vault monster count
 E = Vault monster count
 F = Vault count percentage of total count
                 A         B        C        D         E       F
            +---------+---------+-------+---------+---------+-------
      Total |    1600 |     487 |  23.3 |     105 |       3 |   2.8
            +---------+---------+-------+---------+---------+-------
        D:1 |      47 |       0 |   0.0 |      28 |       0 |   0.0
        D:2 |      41 |       0 |   0.0 |      23 |       0 |   0.0
        D:3 |     121 |       0 |   0.0 |      15 |       0 |   0.0
        D:4 |     415 |       0 |   0.0 |      17 |       0 |   0.0
        D:5 |     861 |     487 |  36.1 |      18 |       3 |  14.3
        D:6 |     115 |       0 |   0.0 |       4 |       0 |   0.0
            +---------+---------+-------+---------+---------+-------

Illustrated notes

Table legend:
 A = Kills in this place as a percentage of kills in entire the game.
 B = Kills by you in this place as a percentage of kills by you in the entire game.
 C = Kills by friends in this place as a percentage of kills by friends in the entire game.
 D = Other kills in this place as a percentage of other kills in the entire game.
 E = Experience gained in this place as a percentage of experience gained in the entire game.
 F = Experience gained in this place divided by the number of levels of this place that you have seen.
                   A       B       C       D       E      F
               +-------+-------+-------+-------+-------+----------------------
         Total | 100.0 | 100.0 |   N/A |   N/A | 100.0 | 347.8
       Dungeon | 100.0 | 100.0 |   N/A |   N/A | 100.0 | 347.8
               +-------+-------+-------+-------+-------+----------------------

Table legend: (Time is in decaauts)
 A = Elapsed time spent in this place.
 B = Non-inter-level travel time spent in this place.
 C = Inter-level travel time spent in this place.
 D = Time resting spent in this place.
 E = Time spent auto-exploring this place.
 F = Levels seen in this place.
 G = Mean time per level.
                   A        B        C        D        E       F      G
               +--------+--------+--------+--------+--------+-----+--------+
         Total |   7625 |   7245 |    380 |   1056 |   5222 |   6 | 1270.8 |
       Dungeon |   7625 |   7245 |    380 |   1056 |   5222 |   6 | 1270.8 |
               +--------+--------+--------+--------+--------+-----+--------+

Top non-repeatable levels by time:
     D:5: 2190 daAuts
     D:4: 1710 daAuts
     D:1: 1587 daAuts
     D:3: 1124 daAuts
     D:2: 866 daAuts
     D:6: 146 daAuts
